 Dungeon Crawl Stone Soup version 0.28.0-53-g5a82cb258f (webtiles) character file.

Game seed: 5336086470307426328

13210 Metae the Fighter (level 11, -10/107 HPs)
             Began as a Minotaur Fighter on July 10, 2022.
             Was a High Priest of Okawaru.
             Mangled by a naga
             ... wielding a +0 halberd
              (20 damage)
             ... on level 2 of the Lair of Beasts.
             The game lasted 00:50:38 (14717 turns).

Metae the Fighter (Minotaur Fighter)               Turns: 14717, Time: 00:50:39

Health: -10/107    AC: 13    Str: 26    XL:     11   Next: 72%
Magic:  3/5        EV:  7    Int: 11    God:    Okawaru [*****.]
Gold:   643        SH:  5    Dex:  9    Spells: 10/10 levels left

rFire   . . .      SeeInvis +   r - +10 mace of Nilarr {antimagic, SInv}
rCold   . . .      Faith    .   c - +0 buckler
rNeg    . . .      Spirit   .   g - +0 chain mail
rPois   +          Reflect  .   (helmet restricted)
rElec   .          Harm     .   b - +0 cloak
rCorr   .          Rampage  .   (no gloves)
Will    .....                   (no boots)
Stlth   ..........              (no amulet)
HPRegen 0.27/turn               v - +6 ring of intelligence
MPRegen 0.09/turn               D - ring of poison resistance

@: heroic, constricted
A: horns 2, retaliatory headbutt
a: Renounce Religion, Heroism, Finesse, Duel


You were on level 2 of the Lair of Beasts.
You worshipped Okawaru.
Okawaru was extremely pleased with you.
You visited 2 branches of the dungeon, and saw 11 of its levels.
You also visited: Sewer.

You collected 643 gold pieces.

Inventory:

Hand Weapons
 r - the +10 mace of Nilarr (weapon) {antimagic, SInv}
   (You found it on level 2 of the Dungeon)

   It reduces the magical energy of the wielder, and disrupts the spells and
   magical abilities of those it strikes.
   Natural abilities and divine invocations are not affected.
   SInv:      It lets you see invisible.
 Q - the +6 glaive of the Unkillable {flame, rF+}
   (You found it on level 9 of the Dungeon)

   It burns those it strikes, dealing additional fire damage.
   Big, fiery blades are also staple armaments of hydra-hunters.
   rF:        It protects you from fire.
Missiles
 n - a throwing net (quivered)
 B - 76 sling bullets
Armour
 b - a +0 cloak (worn)
 c - a +0 buckler (worn)
 g - a +0 chain mail (worn)
 m - a +2 ring mail of fire resistance
 M - +0 acid dragon scales
 O - a +0 plate armour
Jewellery
 v - a +6 ring of intelligence (left hand)
 D - a ring of poison resistance (right hand)
Wands
 a - a wand of acid (18)
 y - a wand of polymorph (7)
Scrolls
 f - 7 scrolls of blinking
 i - 2 scrolls of fog
 j - 2 scrolls of holy word
 q - a scroll of enchant weapon
 x - 3 scrolls of immolation
 E - a scroll of silence
 F - 2 scrolls of brand weapon
 H - a scroll of enchant armour
 I - 5 scrolls of teleportation
 J - 4 scrolls of vulnerability
 L - a scroll of fear
Potions
 d - a potion of might
 e - 2 potions of cancellation
 h - a potion of magic
 k - 4 potions of attraction
 l - 5 potions of brilliance
 o - 2 potions of ambrosia
 p - a potion of mutation {unknown}
 s - 3 potions of heal wounds
 t - 4 potions of curing
 u - a potion of haste {unknown}
 w - a potion of berserk rage {unknown}
 A - 4 potions of degeneration
 C - a potion of invisibility {unknown}
 G - 7 potions of flight
 N - 3 potions of lignification {unknown}
Miscellaneous
 z - a piece from Xom's chessboard (15/15)


   Skills:
 + Level 13.5(18.5) Fighting
 - Level 13.2(18.2) Maces & Flails
 + Level 7.0(12.0) Armour
 + Level 3.6(8.6) Shields
 + Level 8.2 Invocations
 - Level 4.8 Evocations


You had 10 spell levels left.
You didn't know any spells.
Your spell library contained the following spells:

 Spells                   Type           Power      Damage    Failure   Level
 Foxfire                  Conj/Fire      0%         2x1d4     88%         1
 Scorch                   Fire           0%         2d5       96%         2
 Conjure Flame            Conj/Fire      0%         6-21      99%         3
 Gell's Gravitas          Tloc           0%         N/A       99%         3
 Inner Flame              Hex/Fire       0%         N/A       99%         3
 Lesser Beckoning         Tloc           0%         N/A       99%         3
 Teleport Other           Tloc           0%         N/A       99%         3
 Flame Wave               Conj/Fire      0%         2d4       100%        4
 Summon Cactus Giant      Summ           Unusable   N/A       N/A         6

Dungeon Overview and Level Annotations

Branches:
Dungeon (9/15)             Temple (0/1) D:7            Lair (2/6) D:9
  Sewer (visited)
  Swamp: Lair:2-4    Shoals: Lair:2-4     Snake: Lair:2-4    Spider: Lair:2-4
    Orc: D:9-12

Altars:
Cheibriados
Dithmenos
Elyvilon
Hepliaklqana
Nemelex Xobeh
Okawaru
Qazlal
Ru
Uskayaw
Vehumet
Xom
Yredelemnul
The Shining One

Shops:
D:6 !   D:7 (

Annotations:
D:8 exclusion: obsidian statue
Lair:2 exclusion: oklob plant


Innate Abilities, Weirdness & Mutations

You have a pair of horns on your head.
You reflexively headbutt those who attack you in melee.


Message History

You feel sick.
You hit the naga.
The naga is moderately wounded.
The naga hits you with a +0 halberd! The naga constricts you.
You hit the naga but do no damage. Your headbutt misses the naga.
The naga is moderately wounded.
You feel sick. The naga hits you with a +0 halberd!! The naga constricts you.
You hit the naga. Your headbutt misses the naga.
The naga is heavily wounded.
You feel sick. You block the naga's attack. The naga constricts you.
You barely miss the naga.
The naga is heavily wounded.
You feel sick.
You sock the naga! Your headbutt misses the naga.
The naga is almost dead.
The naga spits poison at you. The splash of poison hits you. You resist.
The naga constricts you.
You hit the naga but do no damage. Your headbutt misses the naga.
The naga is almost dead.
You feel sick. The naga hits you with a +0 halberd!
* * * LOW HITPOINT WARNING * * *
The naga constricts you.
* * * LOW HITPOINT WARNING * * *
You feel much better.
You feel sick.
You are no longer poisoned.
The naga hits you with a +0 halberd!!
* * * LOW HITPOINT WARNING * * *
The naga constricts you.
* * * LOW HITPOINT WARNING * * *
You feel much better. The naga barely misses you. The naga constricts you.
* * * LOW HITPOINT WARNING * * *
You closely miss the naga.
The naga is almost dead.
The naga hits you with a +0 halberd!!
* * * LOW HITPOINT WARNING * * *
The naga constricts you.
* * * LOW HITPOINT WARNING * * *
You gain the combat prowess of a mighty hero.
The naga hits you with a +0 halberd!!
You die...

###........##........
##.....#####..N....
###...## ##......
......P# #.###.#. #
#####'#.P.## ### #... .
#### ##.##.......#. .#.#
.##..######....>.......#
.....
.........#..#.......?.'.
#.....
.........#......@.......
......
...........####..N......
. ...........#
#.......#. .........##.#
#........# .'##.##### ##
#.......## #.#.##
!.......# # #...###
.##...#.# ##.. ##....##
..##....##### #...
###P...### P..........#
###..P


You could see a naga.

Vanquished Creatures
  2 hydras
  2 two-headed ogres (D:9)
  A cyclops (D:7)
  A black mamba (Lair:2)
  Maggie (D:6)
  A cane toad (Lair:1)
  3 komodo dragons
  A polar bear (Lair:2)
  2 trolls (D:7)
  3 blink frogs (Lair:2)
  2 wyverns
  A wraith (D:9)
  2 basilisks
  15 yaks
  7 water moccasins
  A naga (Lair:2)
  Edmund (D:6)
  Duvessa (D:7)
  2 ice beasts
  An orc warrior (D:8)
  3 black bears (D:7)
  2 necrophages
  11 wolves
  2 ogres
  A centaur (D:9)
  A kobold brigand (D:9)
  4 bullfrogs
  2 scorpions (D:5)
  Dowan (D:7)
  3 howler monkeys
  A centaur zombie (D:5)
  4 bullfrog skeletons
  2 bullfrog zombies
  2 centaur skeletons (D:6)
  A jelly (D:7)
  4 orc priests
  5 hounds
  An iguana (D:5)
  Ijyb (D:4)
  13 orc wizards
  A howler monkey zombie (D:9)
  Robin (D:4)
  16 adders
  4 river rats (Sewer)
  A shadow imp (D:6)
  A white imp (D:7)
  An adder skeleton (D:4)
  4 worms
  5 dart slugs
  36 orcs
  7 bats
  8 endoplasms
  3 giant cockroaches
  22 goblins
  7 hobgoblins
  2 jackals (Sewer)
  3 kobolds
  5 quokkas
  11 ball pythons
  4 frilled lizards
  8 rats
264 creatures vanquished.

Vanquished Creatures (others)
  6 fungi
  41 plants
47 creatures vanquished.

Grand Total: 311 creatures vanquished

Notes
Turn   | Place    | Note
-------+----------+-------------------------------------------
     0 | D:1      | Metae the Minotaur Fighter began the quest for the Orb.
     0 | D:1      | Reached XP level 1. HP: 19/19 MP: 0/0
   118 | D:1      | Reached XP level 2. HP: 27/27 MP: 1/1
   730 | D:2      | Found a faded altar of an unknown god.
   840 | D:2      | Reached XP level 3. HP: 19/34 MP: 2/2
  1152 | D:2      | Identified the +10 mace of Nilarr {antimagic, SInv}
  1245 | D:2      | Reached XP level 4. HP: 40/41 MP: 1/3
  1277 | D:2      | Reached skill level 5 in Fighting
  2284 | D:4      | Noticed Robin
  2308 | D:4      | Killed Robin
  2309 | D:4      | Reached XP level 5. HP: 44/48 MP: 1/4
  2573 | D:4      | Noticed Ijyb
  2588 | D:4      | Reached skill level 5 in Maces & Flails
  2590 | D:4      | Killed Ijyb
  2964 | D:5      | Entered Level 5 of the Dungeon
  2965 | D:5      | Found a radiant altar of Vehumet.
  2986 | D:5      | Noticed an ice beast
  2995 | D:5      | Killed an ice beast
  2996 | D:5      | Reached XP level 6. HP: 52/58 MP: 1/5
  3122 | D:5      | Found a glowing drain.
  3137 | Sewer    | Entered a sewer
  3329 | Sewer    | Reached XP level 7. HP: 59/66 MP: 2/6
  4321 | D:5      | Found a hazy altar of Hepliaklqana.
  4601 | D:6      | Found a snail-covered altar of Cheibriados.
  4604 | D:6      | Noticed Edmund
  4613 | D:6      | Killed Edmund
  4614 | D:6      | Reached XP level 8. HP: 68/75 MP: 2/7
  4694 | D:6      | Found a stormy altar of Qazlal.
  4808 | D:6      | Found a hide-covered altar of Uskayaw.
  5016 | D:6      | Found an iron altar of Okawaru.
  5019 | D:6      | Found a shimmering altar of Xom.
  5036 | D:6      | Became a worshipper of Warmaster Okawaru
  5208 | D:6      | Found a basalt altar of Yredelemnul.
  5235 | D:6      | Noticed Maggie
  5245 | D:6      | Killed Maggie
  5246 | D:6      | Reached skill level 10 in Fighting
  5561 | D:6      | Found a shadowy altar of Dithmenos.
  5579 | D:6      | Found Rosufroa's Distillery.
  5850 | D:7      | Noticed a troll
  5857 | D:7      | Killed a troll
  5862 | D:7      | Noticed Duvessa
  5875 | D:7      | Noticed Dowan
  5898 | D:7      | HP: 3/79 [bullfrog (5)]
  5918 | D:6      | Reached XP level 9. HP: 17/85 MP: 2/10
  6207 | D:7      | Killed Duvessa
  6208 | D:7      | Reached skill level 10 in Maces & Flails
  6253 | D:7      | Killed Dowan
  6557 | D:7      | Reached * piety under Okawaru
  6637 | D:7      | Found a staircase to the Ecumenical Temple.
  6652 | D:7      | Found Hittar's Weapon Boutique.
  6669 | D:7      | Found a sacrificial altar of Ru.
  6864 | D:7      | Noticed a troll
  6866 | D:7      | Noticed a cyclops
  6888 | D:7      | Killed a troll
  6896 | D:7      | Killed a cyclops
  6896 | D:7      | Reached ** piety under Okawaru
  6897 | D:7      | Reached skill level 5 in Armour
  7253 | D:7      | Found a sparkling altar of Nemelex Xobeh.
  7368 | D:8      | Noticed a six-headed hydra
  7376 | D:8      | Killed a six-headed hydra
  7377 | D:8      | Reached skill level 5 in Invocations
  7377 | D:8      | Reached XP level 10. HP: 60/96 MP: 4/12
  7589 | D:8      | Reached *** piety under Okawaru
  8259 | D:8      | Found a white marble altar of Elyvilon.
  8320 | D:8      | Noticed an obsidian statue
  8826 | D:9      | Noticed a two-headed ogre
  8835 | D:9      | Killed a two-headed ogre
  9265 | D:9      | Found a staircase to the Lair.
  9272 | D:9      | Received a gift from Okawaru
  9367 | D:9      | Identified the +6 glaive of the Unkillable {flame, rF+}
  9409 | D:9      | Found a glowing golden altar of the Shining One.
  9435 | D:9      | Noticed a two-headed ogre
  9443 | D:9      | Killed a two-headed ogre
  9443 | D:9      | Reached **** piety under Okawaru
  9444 | D:9      | Reached skill level 1 in Evocations
  9815 | Lair:1   | Entered Level 1 of the Lair of Beasts
  9961 | Lair:1   | Reached ***** piety under Okawaru
 10153 | Lair:1   | Noticed a seven-headed hydra
 10162 | Lair:1   | Killed a seven-headed hydra
 10163 | Lair:1   | Reached XP level 11. HP: 60/105 MP: 5/15
 11994 | Lair:2   | Received a gift from Okawaru
 14434 | Lair:2   | Noticed an oklob plant
 14714 | Lair:2   | HP: 4/107 [constriction (2)]
 14717 | Lair:2   | Mangled by a naga

Illustrated notes

Levels and vault maps discovered:
D:1:      denvon_arrival_planthouse, layout_basic, lemuel_old_faithful
D:2:      layout_loops_ring, ebering_ecumenical_altar_petrified,
          minmay_misc_feat_rugged, minmay_tall_x
D:3:      layout_basic
D:4:      kennysheep_the_goblin_king, layout_basic, uniq_robin
D:5:      layout_loops_ring, amcnicky_altar_gilded,
          mainiacjoe_overflow_chevrons, portal_sewer_entry_b, fountainhead
D:6:      layout_loops_ring, cheibriados_altar_1,
          nicolae_overflow_crystal_walls, nicolae_uskayaw_dance_hall,
          general_overflow_altar, kennysheep_mini_moat, minitemple,
          serial_shops, nicolae_lakefront_shop, st_stairs_10, uniq_maggie,
          uniq_edmund
D:7:      kennysheep_big_flooded_room, layout_basic,
          mainiacjoe_overflow_boulevard, nemelex_dance_club_becter,
          minmay_temple_entry_antechambers, serial_shops, nicolae_stop_n_shop_2,
          minmay_diced_spiral, uniq_duvessa
D:8:      minmay_statue_hallways, layout_rooms, lemuel_round_altar,
          hangedman_abyss_or_decor_stabs
D:9:      layout_basic, mainiacjoe_overflow_concentric_impassable,
          david_lair_shrubbed
Lair:1:   layout_roguey, chequers_serial_rivers_room_b, serial_bayou_shore_a
Lair:2:   layout_roguey, minmay_shoals_entry_lonely_mermaid,
          minmay_snake_entry_guardpost_small

Skill      XL: |  1  2  3  4  5  6  7  8  9 10 11 |
---------------+----------------------------------+-----
Fighting       | 4 5 6 7 8 10 11 12 13 | 13.5
Maces & Flails | 3 4 5 6 8 9 11 12 13 | 13.2
Invocations    | 2 5 6 8 |  8.2
Armour         | 5 7 |  7.0
Evocations     | 2 4 |  4.8
Shields        | |  3.6

Action                   |  1- 3 |  4- 6 |  7- 9 | 10-12 || total
-------------------------+-------+-------+-------+-------++-------
Melee: Flail             |    70 |       |       |       ||    70
       Headbutt          |     8 |    10 |    32 |    46 ||    96
       Mace              |     6 |   115 |   197 |   282 ||   600
       Unarmed           |       |     3 |       |       ||     3
Throw: Javelin           |       |       |       |     6 ||     6
Invok: Heroism           |       |       |       |     1 ||     1
Evoke: Wand              |       |       |     1 |       ||     1
  Use: Scroll            |       |       |    11 |     7 ||    18
       Potion            |       |       |     1 |     2 ||     3
Armor: Scale mail        |     4 |       |       |       ||     4
       Chain mail        |    34 |    78 |   141 |   105 ||   358
       Skin              |       |     2 |       |       ||     2
Dodge: Dodged            |    36 |    50 |    89 |   101 ||   276
Block: Buckler           |    11 |    31 |    55 |    64 ||   161
